Map: Dusk Towers

Players

Trizztein - Winner!

  • Race: Terran Terran
  • League: Platinum

Obsidian

  • Race: Zerg Zerg
  • League: Platinum

VOD

Have the link to the VOD?

Description

Time

  • Played on: Jan. 3, 2016, 6 p.m.
  • Length: 17:28
Show
View Real Time Build Order
Export as new Build Order

Trizztein Terran - Winner!

Build Orders: Reaper Expand, Mech, Banshee Rush 

Get SALT Encoding   

  12  0:01  SCV  
  13  0:13  SCV  
  14  0:17  Supply Depot  
  14  0:25  SCV  
  15  0:39  SCV  
  15  0:40  Barracks  
  16  0:44  Refinery  
  16  0:51  SCV  
  17  1:06  SCV  
  18  1:18  SCV  
  19  1:31  Reaper, Orbital Command  
  20  1:49  Command Center  
  20  1:57  SCV  
  20  2:00  Supply Depot  
  21  2:03  Marine  
  22  2:11  SCV, Factory  
  22  2:14  Refinery  
  23  2:28  SCV  
  24  2:30  Barracks Reactor  
  24  2:40  SCV  
  25  2:52  SCV  
  26  2:59  Starport  
  26  3:02  Orbital Command  
  26  3:04  SCV  
  27  3:13  Hellion x2  
  27  3:16  SCV  
  32  3:20  Barracks Tech Lab  
  32  3:29  SCV x2  
  34  3:41  SCV, Supply Depot  
  35  3:44  SCV  
  36  3:49  Banshee  
  36  3:50  Hellion x2  
  36  3:53  SCV  
  36  3:55  Cloaking Field  
  44  3:58  SCV  
  44  4:00  Barracks Tech Lab  
  45  4:04  Supply Depot  
  45  4:05  SCV  
  46  4:15  SCV  
  47  4:17  SCV  
  47  4:20  Supply Depot  
  47  4:23  Widow Mine  
  47  4:24  Hellion  
  52  4:28  SCV  
  53  4:31  Refinery  
  53  4:32  Banshee, Refinery  
  56  4:39  SCV  
  56  4:40  SCV  
  56  4:48  Command Center  
  53  4:56  SCV x2  
  55  5:02  Marauder, Widow Mine  
  55  5:03  Hellion  
  61  5:08  SCV  
  61  5:13  SCV  
  63  5:14  Banshee  
  63  5:20  Supply Depot, SCV  
  67  5:25  SCV  
  68  5:32  SCV, Factory  
  69  5:36  Factory  
  69  5:37  SCV  
  70  5:43  Armory x2, Engineering Bay  
  70  5:45  SCV  
  71  5:52  SCV  
  71  5:57  SCV  
  73  6:04  SCV  
  73  6:09  SCV  
  75  6:14  Starport Reactor  
  75  6:16  SCV  
  75  6:17  Orbital Command  
  75  6:18  Hellion x2  
  80  6:27  SCV  
  80  6:29  SCV  
  80  6:32  Siege Tank x2  
  88  6:34  Terran Vehicle And Ship Armor Level 1, Terran Vehicle Weapons Level 1  
  88  6:39  Hellion  
  93  6:40  SCV, Hellion  
  93  6:45  SCV  
  92  6:52  SCV  
  91  6:57  SCV  
  92  7:04  SCV  
  93  7:21  Orbital Command  
  93  7:25  Supply Depot x2  
  93  7:26  Supply Depot  
  93  7:40  Liberator x2  
  93  7:45  Refinery  
  93  7:47  SCV x2  
  100  7:51  Hellion x2, Siege Tank  
  100  7:52  Hellion  
  100  7:54  Refinery  
  100  7:58  Supply Depot x2  
  110  7:59  SCV x2  
  110  8:01  Supply Depot  
  112  8:11  SCV  
  112  8:12  SCV  
  114  8:13  Siege Tank  
  118  8:20  SCV  
  118  8:23  SCV, Siege Tank, Liberator x2  
  118  8:25  Supply Depot  
  122  8:27  Building Armor  
  122  8:29  Supply Depot, Missile Turret  
  122  8:30  Supply Depot  
  122  8:32  SCV, Missile Turret  
  123  8:40  SCV x2, Terran Vehicle And Ship Armor Level 2, Terran Vehicle Weapons Level 2  
  131  8:49  Factory  
  131  8:51  Factory  
  131  8:52  SCV  
  131  8:54  Barracks Reactor  
  132  9:03  Command Center  
  132  9:05  Command Center  
  132  9:09  Hellion x2, Siege Tank x2  
  142  9:14  Supply Depot  
  142  9:15  Supply Depot  
  142  9:18  Supply Depot  
  142  9:19  Supply Depot  
  142  9:23  Medivac x2  
  146  9:33  Hellion x2  
  146  9:36  Factory Tech Lab  
  150  9:41  Siege Tank  
  150  9:43  Hellion x2  
  150  9:44  Missile Turret  
  155  9:57  Liberator  
  155  9:58  Liberator  
  155  10:07  Hi-Sec Auto Tracking  
  155  10:10  Refinery  
  155  10:14  Refinery  
  161  10:22  Sensor Tower  
  161  10:23  Planetary Fortress  
  161  10:33  Hellion x6  
  161  10:34  Siege Tank  
  176  10:37  Missile Turret  
  176  10:39  Missile Turret  
  176  10:54  Hellion x2, Siege Tank  
  183  11:01  Planetary Fortress  
  183  11:18  Hellion x5, Siege Tank  
  196  11:26  Siege Tank  
  199  11:38  Barracks Tech Lab  
  199  11:39  Barracks x2  
  199  11:40  Barracks  
  199  11:42  Terran Vehicle Weapons Level 3, Terran Ship Weapons Level 1  
  199  11:52  Starport x2  
  199  11:54  Starport  
  191  11:56  Ghost Academy  
  191  11:59  Widow Mine  
  191  12:01  Medivac x2  
  197  12:03  Fusion Core  
  189  12:17  Siege Tank x2  
  193  12:37  Starport Tech Lab x2  
  193  12:38  Starport Tech Lab  
  193  12:41  Barracks Tech Lab x2  
  193  12:42  Barracks Tech Lab  
  193  12:58  Advanced Ballistics, Hyperflight Rotors  
  193  13:15  Command Center x2  
  193  13:24  Hellion x3  
  199  13:28  Hellion x11  
  191  13:44  Terran Ship Weapons Level 2  
  191  14:02  Ghost x3  
  191  14:03  Ghost  
  191  14:07  Personal Cloaking  
  191  14:09  Supply Depot  
  197  14:13  Infernal Pre-Igniter  
  181  14:30  Hellion x3  
  181  14:31  Hellion x4  
  191  15:01  Refinery  
  191  15:04  Ghost x4  
  191  15:05  Refinery  
  158  16:43  Hellion x4  
  158  16:44  Hellion x3  
  182  16:55  Orbital Command  
  188  17:04  Hellion  
Show
View Real Time Build Order
Export as new Build Order

Obsidian Zerg 

Build Orders: Hatch First 

Get SALT Encoding   

  12  0:00  Drone  
  13  0:13  Overlord  
  13  0:17  Drone  
  14  0:31  Drone x2  
  14  0:35  Drone  
  17  0:56  Drone  
  18  0:58  Hatchery  
  18  0:59  Drone  
  18  1:07  Extractor  
  17  1:24  Overlord, Drone  
  18  1:28  Spawning Pool  
  18  1:32  Drone  
  18  1:50  Drone  
  18  1:51  Drone  
  19  2:01  Drone  
  20  2:12  Drone  
  21  2:17  Queen  
  21  2:18  Spine Crawler, Queen  
  24  2:25  Spine Crawler  
  24  2:27  Drone  
  24  2:30  Drone  
  24  2:34  Drone  
  25  2:44  Drone  
  25  2:45  Drone  
  25  2:49  Drone  
  28  2:53  Drone  
  29  3:04  Drone x3  
  32  3:06  Drone  
  35  3:21  Metabolic Boost  
  35  3:24  Lair  
  35  3:26  Drone x3  
  36  3:40  Overlord x3  
  36  3:48  Overlord  
  36  3:58  Drone x5  
  41  4:03  Drone x2  
  41  4:04  Drone x2  
  41  4:09  Drone  
  46  4:12  Roach Warren, Extractor  
  44  4:20  Extractor  
  44  4:21  Extractor  
  42  4:27  Drone x3  
  45  4:32  Drone x7  
  48  5:01  Drone x5  
  48  5:02  Drone x3  
  56  5:12  Glial Reconstitution  
  56  5:16  Infestation Pit  
  56  5:18  Zergling x10  
  57  5:29  Spore Crawler  
  57  5:31  Spore Crawler, Queen x2  
  57  5:32  Spore Crawler  
  57  5:35  Overseer x2  
  57  5:36  Spore Crawler  
  56  5:46  Spore Crawler  
  55  5:52  Spore Crawler  
  55  5:54  Spore Crawler  
  55  5:57  Spore Crawler  
  50  6:14  Hive  
  50  6:15  Pathogen Glands  
  50  6:17  Roach x3  
  56  6:19  Roach  
  57  6:52  Ravager x3  
  56  7:22  Roach x6  
  68  7:34  Hatchery  
  67  7:41  Overlord x2  
  67  7:51  Overlord x4  
  67  7:58  Queen  
  67  7:59  Spore Crawler, Queen  
  67  8:02  Infestor x2  
  67  8:04  Spore Crawler  
  73  8:09  Drone  
  73  8:10  Drone  
  75  8:15  Drone x2  
  75  8:17  Drone x3  
  80  8:24  Spine Crawler  
  80  8:25  Drone x3  
  82  8:27  Drone  
  83  8:34  Drone  
  84  8:48  Overseer  
  84  8:49  Queen  
  84  8:51  Drone x9  
  95  8:58  Infestor x2  
  95  9:00  Roach  
  95  9:01  Evolution Chamber  
  95  9:02  Evolution Chamber, Ravager x2  
  101  9:06  Ravager  
  102  9:31  Drone  
  103  9:32  Drone x11  
  103  9:33  Extractor  
  113  10:01  Spore Crawler  
  113  10:02  Spore Crawler  
  108  10:08  Spore Crawler  
  108  10:13  Spore Crawler  
  106  10:17  Ultralisk Cavern  
  106  10:21  Overlord x2, Roach x4  
  114  10:22  Overlord x6  
  114  10:24  Overlord  
  114  10:27  Extractor  
  113  10:49  Ravager x8  
  121  10:51  Roach x6  
  121  10:52  Roach x10  
  153  10:58  Drone x3  
  156  11:05  Drone x2  
  156  11:09  Roach x3  
  164  11:13  Ravager x2  
  164  11:17  Ravager  
  167  11:25  Ravager  
  168  11:26  Ravager  
  169  11:36  Spore Crawler  
  168  11:40  Ravager x2  
  168  11:42  Ravager  
  170  12:00  Spine Crawler  
  169  12:04  Spine Crawler  
  169  12:05  Roach x4  
  169  12:06  Roach  
  169  12:07  Roach x4  
  186  12:23  Zerg Melee Weapons Level 1  
  186  12:24  Ultralisk Cavern  
  186  12:29  Overlord x6  
  184  12:36  Overlord x6  
  184  13:02  Zerg Ground Armor Level 1  
  184  13:04  Evolution Chamber, Extractor  
  184  13:05  Hatchery x2  
  180  13:08  Extractor  
  179  13:26  Overseer x2  
  179  13:27  Pneumatized Carapace, Overseer  
  177  14:09  Spore Crawler  
  170  14:17  Zerg Missile Weapons Level 1, Spore Crawler  
  170  14:19  Spore Crawler  
  170  14:22  Spine Crawler  
  167  14:27  Queen  
  169  14:32  Drone  
  169  14:33  Drone x6  
  169  14:34  Drone  
  177  14:47  Ultralisk x3  
  177  14:51  Zerg Melee Weapons Level 2  
  177  14:52  Adrenal Glands  
  193  15:03  Queen  
  179  15:35  Chitinous Plating  
  179  15:43  Spire  
  178  15:58  Infestor x2  
  178  15:59  Infestor  
  178  16:03  Infestor  
  178  16:04  Infestor x4  
  186  16:07  Overseer x3  
  126  16:37  Roach x2, Zergling x2  
  126  16:38  Roach x8, Zergling x16  
  126  16:39  Roach x7, Zergling x14  
  139  16:40  Roach  
  139  16:45  Ultralisk x3  
  139  16:46  Zergling x8  
  159  16:47  Zergling x2  
Tags
 
Add a new tag
Caveats
  • Supply blocks, unpowered buildings, or Contaminate may cause inaccurate times.
  • Supply counts are checked every 10 seconds.